 Dungeon Crawl Stone Soup version 0.30.0-10-gfe55d96785 (webtiles) character file.

Game seed: 16524804984360539222

534 qw the Chopper (level 7, -8/43 HPs)
             Began as a Gargoyle Cinder Acolyte on May 17, 2023.
             Was an Elder of Ignis.
             Killed from afar by Dowan (18 damage)
             ... with a shard of ice
             ... on level 4 of the Dungeon.
             The game lasted 00:01:27 (2530 turns).

qw the Chopper (Gargoyle Cinder Acolyte)            Turns: 2530, Time: 00:01:28

Health: -8/43      AC: 23    Str: 20    XL:     7   Next: 25%
Magic:  8/8        EV:  8    Int: 14    God:    Ignis [****..]
Gold:   136        SH:  0    Dex:  5    Spells: 8/8 levels left

rFire   + . .        b - +1 war axe (flame)
rCold   + . .        (no shield)
rNeg    + . .        e - +0 chain mail
rPois   inf          (no helmet)
rElec   +            (no cloak)
rCorr   .            j - +1 pair of gloves {Stlth+}
SInv    .            (no boots)
Will    +....        (no amulet) Stlth
                     i - ring of protection from cold
HPRegen 0.27/turn    k - ring of willpower
MPRegen 0.11/turn

%: no passive effects
@: fiery-armoured
A: sickness immunity, AC +4, negative energy resistance 1, electricity
resistance, torment resistance 1, petrification resistance
a: Renounce Religion, Fiery Armour, Foxfire Swarm, Rising Flame


You were on level 4 of the Dungeon.
You worshipped Ignis.
Ignis was greatly pleased with you.
You visited 1 branch of the dungeon, and saw 4 of its levels.

You collected 136 gold pieces.


Innate Abilities, Weirdness & Mutations

You are immune to sickness and miasma.
Your stone body is resilient. (AC +4)
You are immune to poison.
You resist negative energy. (rN+)
You are resistant to electric shocks. (rElec)
You are resistant to unholy torment.
You are immune to petrification.


   Skills:
 - Level 4.0 Fighting
 + Level 6.1 Axes
 - Level 3.9 Armour
 - Level 1.0 Spellcasting
 - Level 3.0 Fire Magic


You had 8 spell levels left.
You didn't know any spells.
Your spell library contained the following spells:

 Spells                   Type           Power      Damage    Failure   Level
 Scorch                   Fire           18%        2d5       65%         2

Inventory:

Hand Weapons
 b - a +1 war axe of flaming (weapon)
Armour
 e - a +0 chain mail (worn)
 j - a +1 pair of gloves of stealth (worn)
Jewellery
 c - an amulet of guardian spirit
 i - a ring of protection from cold (left hand)
 k - a ring of willpower (right hand)
Scrolls
 a - 2 scrolls of teleportation {unknown}
 f - 3 scrolls of identify
Potions
 d - a potion of curing {unknown}
 g - a potion of degeneration {unknown}

Dungeon Overview and Level Annotations

Branches:
Dungeon (3/15)

Altars:
Makhleb
Okawaru

Annotations:
D:2 1 runed translucent door, Crazy Yiuf
D:4 Dowan


Message History

Dowan is moderately wounded.
Your Armour skill increases to level 3!
You have reached level 7!
You hit Dowan. You burn Dowan.
Dowan is moderately wounded.
Dowan gestures wildly while chanting.
Dowan blinks!
An orc comes into view. It is wielding a +0 dagger.
The orc priest invokes the aid of Beogh against you.
Beogh smites you!
The orc priest looks braver for a moment.
Things that are here:
a +1 morningstar of holy wrath; a +0 leather armour; an orc corpse You barely miss the orc wizard.
The orc wizard casts a spell at you.
The magic dart hits you but does no damage.
Dowan mumbles some strange words.
Dowan blinks!
The orc priest begins to cast a cantrip, but forgets the words!
The orc wizard hits you but does no damage.
The orc wizard is burned by your cloak of flames.
The orc wizard is lightly wounded.
You hear a shout!
You slash the orc wizard! You burn the orc wizard.
You kill the orc wizard!
You completely miss the orc. The orc hits you but does no damage.
The orc is burned by your cloak of flames.
You kill the orc!
2526 ||| Stepping ~*~*~tactically~*~*~ (hiding).
Things that are here:
a +0 dagger; a +0 robe; an orc corpse You barely miss the orc.
The orc hits you but does no damage.
You barely miss the orc. You barely miss the orc.
The orc priest begins to cast a cantrip, but forgets the words!
The orc hits you but does no damage.
Dowan points at you and mumbles some strange words.
The shard of ice hits you!! You partially resist.
You die...

####.# # ###+#####
#%### ####.......# #.#
##....#.# #.# #.#
.######.....#.###.# #.#
......)........##.###.#
#######...............#
##..).....#.#####
##..).#.#.#.#
#.#.@)o......
##.#o#e......#
##.##..#+#..#
####.o'_+..# ...#'#..#
##......## #o.... o##


You could see Dowan (fast), an orc priest and an orc.

Vanquished Creatures
  Duvessa (D:4)
  An ogre (D:4)
  A scorpion (D:3)
  A hound (D:3)
  An orc priest (D:3)
  An iguana (D:4)
  3 orc wizards
  2 adders
  3 gnolls (D:4)
  A worm (D:2)
  2 dart slugs
  11 orcs
  4 endoplasms
  2 giant cockroaches (D:1)
  3 goblins
  6 hobgoblins
  4 jackals (D:3)
  4 kobolds (D:1)
  7 ball pythons
  7 bats
  4 frilled lizards
  5 rats
74 creatures vanquished.

Notes
Turn   | Place    | Note
-------+----------+-------------------------------------------
     0 | D:1      | qw the Gargoyle Cinder Acolyte began the quest for the Orb.
     0 | D:1      | Reached XP level 1. HP: 14/14 MP: 2/2
     0 | D:1      | 0 ||| qw: Version: 0.2-a-95-g4c1bab1
     0 | D:1      | 0 ||| qw: Game counter: 145
     0 | D:1      | 0 ||| qw: Always use a shield: true
     0 | D:1      | 0 ||| qw: God list: Okawaru
     0 | D:1      | 0 ||| qw: Allow faded altars: false
     0 | D:1      | 0 ||| qw: Do Orc after D:15 true
     0 | D:1      | 0 ||| qw: Do second Lair branch before Depths: true
     0 | D:1      | 0 ||| qw: Lair rune preference: random
     0 | D:1      | 0 ||| qw: Plans: Normal
     0 | D:1      | 0 ||| PLANNING D:1-11
   145 | D:1      | Found a faded altar of an unknown god.
   170 | D:1      | 170 ||| INVOKING Fiery Armour.
   232 | D:1      | Reached skill level 3 in Axes
   267 | D:1      | Reached XP level 2. HP: 19/19 MP: 3/3
   903 | D:1      | 903 ||| UPGRADING to +0 chain mail.
   913 | D:1      | 913 ||| DROPPING +0 robe.
   914 | D:1      | 914 ||| UPGRADING to ring of protection from cold.
   915 | D:1      | 915 ||| READING scroll labelled CIQA KOBBU.
   916 | D:1      | 916 ||| READING 2 scrolls labelled VIEXAFR FEMEZI.
   917 | D:1      | 917 ||| READING 3 scrolls labelled YRGHACVE LOQIOD.
   918 | D:1      | 918 ||| READING 2 scrolls of enchant weapon.
   918 | D:1      | 918 ||| ENCHANTING +0 hand axe of flaming.
   919 | D:1      | 919 ||| READING scroll of enchant weapon.
   919 | D:1      | 919 ||| ENCHANTING +1 hand axe of flaming.
   920 | D:1      | 920 ||| READING scroll labelled IPSIEDO ZOWNIO.
   921 | D:1      | 921 ||| READING scroll labelled EFAFUF JETSI.
   922 | D:1      | 922 ||| DRINKING 2 yellow potions.
   955 | D:1      | 955 ||| DROPPING potion of lignification.
   974 | D:2      | Reached XP level 3. HP: 23/23 MP: 4/4
  1017 | D:2      | Reached skill level 1 in Armour
  1191 | D:2      | 1191 ||| Stepping ~*~*~tactically~*~*~ (stealth).
  1196 | D:2      | 1196 ||| Stepping ~*~*~tactically~*~*~ (stealth).
  1472 | D:2      | 1472 ||| Stepping ~*~*~tactically~*~*~ (stealth).
  1543 | D:2      | Found a runed translucent door.
  1544 | D:2      | Noticed Crazy Yiuf
  1579 | D:2      | 1579 ||| UPGRADING to +1 pair of gloves of stealth.
  1584 | D:2      | 1584 ||| UPGRADING to ring of willpower.
  1585 | D:2      | 1585 ||| READING scroll labelled KUTUOLO ATOBLU.
  1586 | D:2      | 1586 ||| READING scroll labelled KOVAPO RIPNELE.
  1636 | D:2      | 1636 ||| READING 2 scrolls labelled LEDUXZ SAZYU.
  1637 | D:2      | 1637 ||| READING 2 scrolls of identify.
  1637 | D:2      | 1637 ||| IDENTIFYING bubbling cyan potion
  1638 | D:2      | 1638 ||| DROPPING potion of berserk rage.
  1639 | D:2      | 1639 ||| DROPPING scroll of blinking.
  1685 | D:3      | 1685 ||| INVOKING Fiery Armour.
  1689 | D:3      | Reached skill level 4 in Axes
  1689 | D:3      | Reached XP level 4. HP: 28/28 MP: 5/5
  1765 | D:3      | 1765 ||| SWAPPING to +0 war axe.
  1766 | D:3      | 1766 ||| DROPPING +2 hand axe of protection.
  1780 | D:3      | Noticed a scorpion
  1789 | D:3      | 1789 ||| DROPPING +0 whip.
  1791 | D:3      | 1791 ||| Stepping ~*~*~tactically~*~*~ (hiding).
  1792 | D:3      | 1792 ||| Stepping ~*~*~tactically~*~*~ (hiding).
  1794 | D:3      | 1794 ||| Stepping ~*~*~tactically~*~*~ (hiding).
  1801 | D:3      | Reached XP level 5. HP: 32/32 MP: 6/6
  1841 | D:3      | 1841 ||| Stepping ~*~*~tactically~*~*~ (stealth).
  1871 | D:3      | 1871 ||| Stepping ~*~*~tactically~*~*~ (stealth).
  1926 | D:3      | Found an iron altar of Okawaru.
  1951 | D:3      | Reached skill level 5 in Axes
  2007 | D:3      | 2007 ||| READING scroll of enchant weapon.
  2007 | D:3      | 2007 ||| ENCHANTING +0 war axe.
  2141 | D:3      | Reached XP level 6. HP: 36/38 MP: 7/7
  2200 | D:3      | You fall into a shaft and drop 1 floor!
  2249 | D:4      | 2249 ||| READING scroll of brand weapon.
  2249 | D:4      | 2249 ||| BRANDING +1 war axe.
  2250 | D:4      | 2250 ||| DROPPING +0 hand axe of flaming.
  2271 | D:4      | 2271 ||| Stepping ~*~*~tactically~*~*~ (hiding).
  2272 | D:4      | 2272 ||| Stepping ~*~*~tactically~*~*~ (hiding).
  2381 | D:4      | 2381 ||| Stepping ~*~*~tactically~*~*~ (hiding).
  2382 | D:4      | 2382 ||| Stepping ~*~*~tactically~*~*~ (hiding).
  2389 | D:4      | 2389 ||| INVOKING Fiery Armour.
  2500 | D:4      | Reached skill level 6 in Axes
  2507 | D:4      | Noticed Duvessa
  2508 | D:4      | 2508 ||| Stepping ~*~*~tactically~*~*~ (stealth).
  2508 | D:4      | Noticed Dowan
  2509 | D:4      | 2509 ||| Stepping ~*~*~tactically~*~*~ (stealth).
  2514 | D:4      | 2514 ||| Stepping ~*~*~tactically~*~*~ (stealth).
  2514 | D:4      | Found a burning altar of Makhleb.
  2516 | D:4      | 2516 ||| INVOKING Fiery Armour.
  2521 | D:4      | Killed Duvessa
  2522 | D:4      | Reached skill level 3 in Armour
  2522 | D:4      | Reached XP level 7. HP: 17/43 MP: 8/8
  2522 | D:4      | HP: 7/43 [orc priest/divine providence (10)]
  2526 | D:4      | 2526 ||| Stepping ~*~*~tactically~*~*~ (hiding).
  2530 | D:4      | Killed from afar by Dowan

Levels and vault maps discovered:
D:1:      dpeg_cavernosity, layout_basic,
          shapermc_ecumenical_altar_mp_highgroup, minmay_domino_2
D:2:      layout_loops_cross, uniq_crazy_yiuf_cottage
D:3:      layout_basic, overflow_temple_1_default, chequers_serial_rivers_room_b
D:4:      layout_loops_corners, lemuel_round_altar, kennysheep_mini_moat,
          uniq_duvessa

Skill      XL: |  1  2  3  4  5  6 |
---------------+-------------------+-----
Axes           | 3 4 5 6 |  6.1
Armour         | 1 2 3 |  3.9
Fighting       | 4 |  4.0
Spellcasting   | |  1.0
Fire Magic     | |  3.0

Action                     |  1- 3 |  4- 6 |  7- 9 || total
---------------------------+-------+-------+-------++-------
  Melee: Hand axe          |    91 |     5 |       ||    96
         Punch             |     1 |       |       ||     1
         War axe           |       |    93 |     6 ||    99
 Invoke: Fiery Armour      |     2 |     2 |       ||     4
    Use: Scroll            |    11 |     2 |       ||    13
         Potion            |     1 |       |       ||     1
 Armour: Robe              |    14 |       |       ||    14
         Chain mail        |    11 |    50 |     5 ||    66
  Dodge: Dodged            |    41 |    52 |       ||    93

Table legend:
 A = Non-vault XP
 B = Vault XP
 C = Vault XP percentage of total XP
 D = Non-vault monster count
 E = Vault monster count
 F = Vault count percentage of total count
                 A         B        C        D         E       F
            +---------+---------+-------+---------+---------+-------
      Total |     604 |     160 |  20.9 |      68 |       6 |   8.1
            +---------+---------+-------+---------+---------+-------
        D:1 |      22 |       7 |  24.1 |      15 |       5 |  25.0
        D:2 |      44 |       0 |   0.0 |      16 |       0 |   0.0
        D:3 |     277 |       0 |   0.0 |      24 |       0 |   0.0
        D:4 |     261 |     153 |  37.0 |      13 |       1 |   7.1
            +---------+---------+-------+---------+---------+-------
